cohdb
Replays
Latest Replays
All Replays
Popular Replays
Top Player Replays
Match Explorer
How It Works
Community
CoH3 Stats
Reddit
Sign in to upload your games and track your stats! →
Sign in with Steam
Match 45710156
Unlisted
Match 45710156
Overview
Messages
Build Orders
End
Scout Squad
Construct Weapon Support Center
Selects Advanced Infantry Battlegroup
M1919 Machine Gun Team
Bazooka Squad
Construct Barracks
Riflemen Squad
Selects Convert to Ranger Squad
Convert to Ranger Squad
Infantry Support Center
Construct Motor Pool
Selects Artillery Observers
M8 Greyhound Armored Car
Engineer Squad
Kcodarc
.Scarlet.
Altair9527
K90
Earthdog
FLOKL
0
0
Comments
sign in to comment!
No comments posted yet!